 Dungeon Crawl Stone Soup version 0.31.0-2-g5a2aebc5c2 (webtiles) character file.

Game seed: 3956812803593458390

120210 Aviak the Prestidigitator (level 16, -4/124 HPs)
             Began as a Gnoll Ice Elementalist on Jan 20, 2024.
             Was the Champion of Vehumet.
             Slain by a caustic shrike simulacrum (17 damage)
             ... in an ice cave.
             The game lasted 01:05:22 (20570 turns).

Aviak the Prestidigitator (Gnoll Ice Elementalist) Turns: 20570, Time: 01:05:22

Health: -4/124     AC: 11    Str: 12    XL:     16   Next: 54%
Magic:  31/31      EV: 18    Int: 29    God:    Vehumet [******]
Gold:   472        SH:  0    Dex: 16    Spells: 4/38 levels left

rFire   + . .        R - +10 halberd of Karma {venom, rC+ rN++ Str-2 Int+2}
rCold   + + .        (shield currently unavailable)
rNeg    + + .        (no body armour)
rPois   .            Y - +2 hat
rElec   .            g - scarf {rC+ rF+}
rCorr   .            X - +2 pair of gloves of Otelamyxt {Regen+ Int+2}
SInv    .            K - +1 pair of boots
Will    +....        O - amulet of Satudydgh {Regen+ Int+3 Dex+3}
Stlth   +++++        B - +6 ring of strength
HPRegen 2.00/turn    A - +4 ring of protection
MPRegen 0.22/turn

%: no passive effects
@: slowed, studying Evocations, very slow
A: fangs 1, strong nose, distributed training
a: Renounce Religion


You were in an ice cave.
You worshipped Vehumet.
Vehumet was exalted by your worship.
You visited 5 branches of the dungeon, and saw 24 of its levels.
You also visited: Bailey and Ice Cave.

You collected 3376 gold pieces.
You spent 2904 gold pieces at shops.

Inventory:

Hand Weapons
 R - the +10 halberd of Karma (weapon) {venom, rC+ rN++ Str-2 Int+2}
   (You took it off a gnoll on level 4 of the Dungeon)

   Str-2:     It affects your strength (-2).
   Int+2:     It affects your intelligence (+2).
   rC+:       It protects you from cold.
   rN++:      It greatly protects you from negative energy.
Missiles
 w - 3 throwing nets {!f}
Armour
 g - a scarf of resistance (worn)
 j - +0 ice dragon scales {rF- rC++}
 u - a +2 leather armour of cold resistance
 K - a +1 pair of boots (worn)
 L - a +0 cloak of preservation
 M - the +1 leather armour of the Beginning {rPois Str-5 Dex+7 Stlth+}
   (You found it on level 9 of the Dungeon)

   Str-5:     It affects your strength (-5).
   Dex+7:     It affects your dexterity (+7).
   rPois:     It protects you from poison Stlth+: It makes you more stealthy.
 X - the +2 pair of gloves of Otelamyxt (worn) {Regen+ Int+2}
   (You acquired it on level 10 of the Dungeon)

   Int+2:     It affects your intelligence (+2).
   Regen+:    It increases your rate of health regeneration.
 Y - a +2 hat (worn)
Jewellery
 m - a ring of positive energy
 A - a +4 ring of protection (right hand)
 B - a +6 ring of strength (left hand)
 G - a ring of ice
 I - a +6 ring of intelligence
 O - the amulet of Satudydgh (around neck) {Regen+ Int+3 Dex+3}
   (You found it in a bailey)

   [amulet of regeneration]

   Int+3:     It affects your intelligence (+3).
   Dex+3:     It affects your dexterity (+3).
   Regen+:    It increases your rate of health regeneration.
 Z - a ring of see invisible
Talismans
 y - a blade talisman
Wands
 k - a wand of paralysis (36)
 l - a wand of roots (9)
 n - a wand of light (17)
 J - a wand of polymorph (4)
 S - a wand of flame (51)
 W - a wand of mindburst (11)
Scrolls
 d - a scroll of enchant armour
 e - 2 scrolls of brand weapon
 o - 5 scrolls of poison
 p - 3 scrolls of vulnerability {!r}
 r - 4 scrolls of fear
 s - 3 scrolls of summoning {!r}
 t - 7 scrolls of teleportation
 v - 2 scrolls of silence {!r}
 x - 4 scrolls of blinking
 C - 4 scrolls of immolation
 D - 5 scrolls of enchant weapon
 E - 3 scrolls of fog
Potions
 a - a potion of lignification {!q}
 b - 4 potions of magic
 c - 5 potions of curing
 f - 2 potions of haste
 h - a potion of heal wounds
 z - 3 potions of attraction
 F - 5 potions of enlightenment
 H - 4 potions of invisibility
 P - a potion of brilliance {unknown}
 Q - 6 potions of mutation {unknown}
 T - 3 potions of ambrosia {unknown}
 U - a potion of cancellation {unknown}
 V - 2 potions of might {unknown}
Miscellaneous
 q - a phial of floods


   Skills:
 + Level 10.8 Fighting
 + Level 10.8 Short Blades
 + Level 10.8 Long Blades
 + Level 10.8 Axes
 + Level 10.8 Maces & Flails
 + Level 10.8 Polearms
 + Level 10.8 Staves
 + Level 10.8 Ranged Weapons
 + Level 10.8 Throwing
 + Level 10.8 Armour
 + Level 11.7 Dodging
 + Level 11.5 Stealth
 + Level 10.8 Shields
 + Level 10.8 Unarmed Combat
 + Level 11.8 Spellcasting
 + Level 9.1 Conjurations
 + Level 9.1 Hexes
 + Level 9.1 Summonings
 + Level 9.1 Necromancy
 + Level 9.1 Translocations
 + Level 9.1 Fire Magic
 + Level 11.5 Ice Magic
 + Level 9.1 Air Magic
 + Level 9.1 Earth Magic
 + Level 9.1 Alchemy
 + Level 11.7 Invocations
 + Level 14.6 Evocations
 + Level 9.9 Shapeshifting


You had 4 spell levels left.
You knew the following spells:

 Your Spells              Type           Power      Damage    Failure   Level
a - Plasma Beam           Fire/Air       31%        2x1d44    3%          6
b - Olgreb's Toxic Radia  Alch           63%        N/A       1%          4
c - Frozen Ramparts       Ice            100%       1d16      1%          3
d - Summon Ice Beast      Ice/Summ       67%        N/A       1%          3
e - Sticky Flame          Fire/Alch      63%        2d11      1%          4
f - Ozocubu's Armour      Ice            71%        N/A       1%          3
g - Freeze                Ice            100%       1d10      1%          1
v - Arcjolt               Conj/Air       31%        1d41      1%          5
w - Fireball              Conj/Fire      31%        3d13      1%          5

Your spell library contained the following spells:

 Spells                   Type           Power      Damage    Failure   Level
 Conjure Ball Lightning   Conj/Air       31%        3x3d10    3%          6
 Kiss of Death            Conj/Necr      100%       2d13      1%          1
 Magic Dart               Conj           100%       1d8       1%          1
 Sandblast                Erth           100%       2d20      1%          1
 Sting                    Conj/Alch      100%       1d9       1%          1
 Summon Small Mammal      Summ           100%       N/A       1%          1
 Blink                    Tloc           100%       N/A       1%          2
 Call Imp                 Summ           100%       N/A       1%          2
 Cigotuvi's Dreadful Rot  Necr/Alch/Air  100%       N/A       1%          2
 Ensorcelled Hibernation  Hex/Ice        100%       N/A       1%          2
 Jinxbite                 Hex            100%       N/A       1%          2
 Lesser Beckoning         Tloc           100%       N/A       1%          2
 Mercury Vapours          Alch/Air       100%       N/A       1%          2
 Momentum Strike          Conj/Tloc      100%       3d10      1%          2
 Call Canine Familiar     Summ           63%        N/A       1%          3
 Confusing Touch          Hex            63%        N/A       1%          3
 Gell's Gravitas          Tloc           63%        N/A       1%          3
 Passwall                 Erth           63%        N/A       1%          3
 Sigil of Binding         Hex            63%        N/A       1%          3
 Stone Arrow              Conj/Erth      100%       3d13      1%          3
 Swiftness                Air            63%        N/A       1%          3
 Teleport Other           Tloc           63%        N/A       1%          3
 Brom's Barrelling Bould  Conj/Erth      63%        2d8       1%          4
 Dimensional Bullseye     Hex/Tloc       31%        N/A       1%          4
 Dispel Undead            Necr           63%        3d22      1%          4
 Ignite Poison            Fire/Alch      63%        N/A       1%          4
 Leda's Liquefaction      Alch/Erth      31%        N/A       1%          4
 Petrify                  Alch/Erth      63%        N/A       1%          4
 Summon Blazeheart Golem  Fire/Summ      63%        N/A       1%          4
 Vhi's Electric Charge    Tloc/Air       100%       N/A       1%          4
 Freezing Cloud           Conj/Ice/Air   32%        6-21      1%          5
 Iskenderun's Battlesphe  Conj           63%        2d11      1%          5
 Metabolic Englaciation   Hex/Ice        33%        N/A       1%          5
 Summon Forest            Summ/Tloc      31%        N/A       1%          5
 Summon Mana Viper        Hex/Summ       63%        N/A       1%          5
 Yara's Violent Unravell  Hex/Alch       31%        3d13      1%          5
 Bombard                  Conj/Erth      31%        9d6       3%          6
 Summon Cactus Giant      Summ           31%        N/A       12%         6
 Spellforged Servitor     Conj/Summ      31%        N/A       17%         7
 Enfeeble                 Hex            31%        N/A       54%         7
 Haunt                    Necr/Summ      31%        N/A       54%         7
 Ignition                 Fire           31%        3d10      73%         8
 Maxwell's Capacitive Co  Air            31%        ∞         73%         8
 Borgnjor's Revivificati  Necr           31%        N/A       99%         8
 Death's Door             Necr           31%        N/A       100%        9


Dungeon Overview and Level Annotations

Branches:
Dungeon (15/15)            Temple (1/1) D:5            Lair (5/5) D:8
  Swamp (1/4) Lair:2       Spider (0/4) Lair:3        Slime (0/5) Lair:4
    Orc (2/2) D:12            Elf (0/3) Orc:2        Vaults (0/5) D:13
 Depths (0/4) D:15         Bailey (visited)           IceCv (1/1)

Altars:
Ashenzari
Cheibriados
Dithmenos
Elyvilon
Fedhas
Gozag
Hepliaklqana
Kikubaaqudgha
Makhleb
Nemelex Xobeh
Okawaru
Qazlal
Ru
Sif Muna
Trog
Uskayaw
Vehumet
Wu Jian
Xom
Yredelemnul
Zin
The Shining One
Jiyva

Shops:
D:11 (   D:12 (   Orc:2 :!:?

Annotations:
D:3 3 runed translucent doors, NitroKuite's ghost, amateur MfGl


Innate Abilities, Weirdness & Mutations

You have very sharp teeth.
Your uncanny sense of smell can sniff out nearby items.
Your experience applies equally to all skills.


Message History

The freezing wraith is severely damaged.
The freezing wraith hits you. The freezing wraith freezes you! You resist.
The freezing wraith completely misses you.
You slash the freezing wraith!
The freezing wraith is severely damaged.
You hit the freezing wraith.
The freezing wraith is severely damaged.
The freezing wraith hits you. The freezing wraith freezes you. You resist.
The freezing wraith hits you. The freezing wraith drains your vigour!
You feel yourself slow down.
You hit the freezing wraith but do no damage.
The freezing wraith is severely damaged.
The freezing wraith hits you. The freezing wraith freezes you. You resist.
The freezing wraith misses you.
The freezing wraith hits you but does no damage.
The freezing wraith barely misses you.
A caustic shrike simulacrum comes into view.
You puncture the freezing wraith!
You destroy the freezing wraith!
Vehumet accepts your kill.
A freezing wraith comes into view.
The caustic shrike simulacrum claws you!
The caustic shrike simulacrum freezes you!
You resist.
The caustic shrike simulacrum claws you!
The caustic shrike simulacrum freezes you!
You resist.
You slash the caustic shrike simulacrum!
The caustic shrike simulacrum is moderately damaged.
The caustic shrike simulacrum claws you!!
The caustic shrike simulacrum freezes you!
You resist.
* * * LOW HITPOINT WARNING * * *
The caustic shrike simulacrum claws you.
* * * LOW HITPOINT WARNING * * *
The caustic shrike simulacrum freezes you!
You resist.
* * * LOW HITPOINT WARNING * * *
The caustic shrike simulacrum claws you!
You die...

#..######
##..###.......##.#
##..##
#..###........# .#
#...## ##..#
#.......## .#
##...## #..##
#......## ..
##...####.##
##......# #.
##...##..#
##..#8..## .#
##..#..####..###[.#
#.....# #..## #.[#
##...## ##.@# ####
##### ##Z.# ##..#
..# W.# .## ##


You could see a freezing wraith and a caustic shrike simulacrum.

Vanquished Creatures
  Rupert (Lair:5)
  A frost giant (D:13)
  2 orc warlords
  An eleionoma (Lair:2)
  Harold (D:9)
  A rakshasa (D:14)
  3 ice dragons
  2 hydras
  Erolcha (D:9)
  A caustic shrike simulacrum (IceCv)
  A centaur warrior (D:15)
  3 boulder beetles
  2 death yaks (Lair:2)
  2 two-headed ogres
  3 orc high priests (Orc:2)
  Nergalle (D:10)
  3 skeletal warriors (D:14)
  Lodul (D:11)
  A skyshark (Lair:2)
  A swamp dragon (Lair:5)
  2 deep elf pyromancers
  4 spriggan simulacra (IceCv)
  5 orc sorcerers
  2 ugly things (D:13)
  3 lindwurms (Lair:1)
  6 orc knights
  2 cyclopes
  Maurice (D:7)
  4 manticores
  4 elephants (Lair:2)
  5 kobold blastminers
  A torpor snail (Lair:2)
  4 black mambas
  Maggie (D:6)
  11 cane toads
  4 molten gargoyles (D:10)
  Jeremiah (D:9)
  An unseen horror (D:12)
  3 anaconda simulacra (IceCv)
  3 rime drakes
  An efreet (D:14)
  5 freezing wraiths (IceCv)
  12 komodo dragons
  A kobold demonologist (D:10)
  Psyche (D:9)
  2 ice devils (IceCv)
  3 trolls
  2 polar bears
  3 golden dragon simulacra (IceCv)
  A tyrant leech (Swamp:1)
  Prince Ribbit (D:9)
  A hornet (shapeshifter) (D:14)
  13 dream sheep
  14 blink frogs
  Sigmund (D:4)
  5 slime creatures
  A wyvern (Lair:4)
  3 vampires
  4 wraiths
  4 wargs
  The ghost of Suckerboh the Chopper, an amateur HORe (D:4)
  6 basilisks
  2 redbacks (Lair:3)
  4 steam dragons
  28 yaks
  Menkaure (D:6)
  Edmund (D:5)
  4 harpy simulacra (IceCv)
  5 acid dragons
  11 water moccasins
  A black bear (shapeshifter) (D:14)
  3 black bears
  33 orc warriors
  2 ice beasts
  4 wolves (Lair:5)
  15 ogres
  8 centaurs
  2 phantoms
  3 kobold brigands
  4 scorpions
  Blork the orc (D:6)
  6 bullfrogs
  2 gnoll sergeants
  12 wights
  3 killer bees (D:8)
  2 lindwurm simulacra (IceCv)
  6 electric eels
  3 howler monkeys
  7 bombardier beetles
  A lava snake (D:10)
  3 hounds
  5 jellies
  11 iguanas
  17 orc priests
  A scorpion zombie (D:3)
  Ijyb (D:4)
  23 orc wizards
  7 hell rats (Lair:5)
  17 gnolls
  13 adders
  A shadow imp (D:5)
  2 white imps
  4 ufetubi (D:6)
  An adder zombie (D:3)
  A ribbon worm (D:3)
  3 dart slugs
  72 orcs
  13 ball pythons
  9 bats
  5 endoplasms
  5 giant cockroaches
  5 hobgoblins
  5 jackals
  20 kobolds
  4 quokkas
  8 frilled lizards
  11 goblins
  10 rats
635 creatures vanquished.

Vanquished Creatures (collateral kills)
  3 gnolls (D:4)
3 creatures vanquished.

Vanquished Creatures (others)
  3 orcs
3 creatures vanquished.

Grand Total: 641 creatures vanquished

Notes
Turn   | Place    | Note
-------+----------+-------------------------------------------
     0 | D:1      | Aviak the Gnoll Ice Elementalist began the quest for the
                  | Orb.
     0 | D:1      | Reached XP level 1. HP: 13/13 MP: 6/6
   144 | D:1      | Reached XP level 2. HP: 18/19 MP: 2/7
   625 | D:1      | Reached skill level 5 in Spellcasting
   625 | D:1      | Reached XP level 3. HP: 25/25 MP: 5/9
   884 | D:2      | Reached skill level 1 in Invocations
   888 | D:2      | Learned a level 3 spell: Frozen Ramparts
   892 | D:2      | Learned a level 3 spell: Ozocubu's Armour
   896 | D:2      | Learned a level 3 spell: Summon Ice Beast
   956 | D:2      | You fall into a shaft and drop 1 floor!
  1165 | D:2      | Found a radiant altar of Vehumet.
  1181 | D:2      | Became a worshipper of Vehumet
  1202 | D:2      | Reached skill level 1 in Fighting
  1202 | D:2      | Reached skill level 1 in Short Blades
  1202 | D:2      | Reached skill level 1 in Long Blades
  1202 | D:2      | Reached skill level 1 in Axes
  1202 | D:2      | Reached skill level 1 in Maces & Flails
  1202 | D:2      | Reached skill level 1 in Polearms
  1202 | D:2      | Reached skill level 1 in Staves
  1202 | D:2      | Reached skill level 1 in Ranged Weapons
  1202 | D:2      | Reached skill level 1 in Throwing
  1202 | D:2      | Reached skill level 1 in Armour
  1202 | D:2      | Reached skill level 1 in Shields
  1202 | D:2      | Reached skill level 1 in Unarmed Combat
  1202 | D:2      | Reached skill level 1 in Evocations
  1296 | D:2      | Reached skill level 1 in Shapeshifting
  1296 | D:2      | Reached XP level 4. HP: 29/32 MP: 9/11
  1715 | D:3      | Reached skill level 1 in Conjurations
  1715 | D:3      | Reached skill level 1 in Hexes
  1715 | D:3      | Reached skill level 1 in Summonings
  1715 | D:3      | Reached skill level 1 in Necromancy
  1715 | D:3      | Reached skill level 1 in Translocations
  1715 | D:3      | Reached skill level 1 in Fire Magic
  1715 | D:3      | Reached skill level 1 in Air Magic
  1715 | D:3      | Reached skill level 1 in Earth Magic
  1715 | D:3      | Reached skill level 1 in Alchemy
  1754 | D:3      | Reached * piety under Vehumet
  1754 | D:3      | Offered knowledge of Shock by Vehumet.
  1760 | D:3      | Reached XP level 5. HP: 34/37 MP: 7/12
  2062 | D:3      | Reached XP level 6. HP: 9/44 MP: 11/14
  2343 | D:3      | Reached skill level 5 in Dodging
  2624 | D:3      | Reached skill level 2 in Evocations
  2796 | D:3      | Found a runed translucent gate.
  2796 | D:3      | Found a runed translucent gate.
  2796 | D:3      | Found a runed translucent gate.
  2796 | D:3      | Noticed NitroKuite's ghost (amateur MfGl)
  2798 | D:3      | Found a basalt altar of Yredelemnul.
  3043 | D:4      | Offered knowledge of Magic Dart by Vehumet.
  3045 | D:4      | Reached ** piety under Vehumet
  3063 | D:4      | Reached XP level 7. HP: 30/51 MP: 12/15
  3161 | D:4      | Identified the +10 halberd of Karma {venom, rC+ rN++ Str-2
                  | Int+2}
  3274 | D:4      | Noticed Ijyb
  3291 | D:4      | Killed Ijyb
  3495 | D:4      | Noticed Sigmund
  3513 | D:4      | Killed Sigmund
  3514 | D:4      | Reached skill level 5 in Stealth
  3643 | D:4      | Found a transporter.
  3644 | D:4      | Found a transporter.
  3678 | D:4      | Offered knowledge of Mercury Vapours by Vehumet.
  3678 | D:4      | HP: 1/51 [gnoll/bolt of light (10)]
  3687 | D:4      | Reached skill level 3 in Evocations
  3687 | D:4      | Reached XP level 8. HP: 8/58 MP: 8/16
  3978 | D:4      | Noticed Suckerboh's ghost (amateur HORe)
  4022 | D:4      | Killed Suckerboh's ghost
  4151 | D:5      | Entered Level 5 of the Dungeon
  4302 | D:5      | Found a staircase to the Ecumenical Temple.
  4314 | Temple   | Entered the Ecumenical Temple
  4346 | D:5      | Learned a level 2 spell: Mercury Vapours
  4384 | D:5      | Noticed Edmund
  4395 | D:5      | Killed Edmund
  4395 | D:5      | Reached *** piety under Vehumet
  4398 | D:5      | Reached skill level 4 in Evocations
  4684 | D:5      | Found a shimmering altar of Xom.
  4901 | D:5      | Reached XP level 9. HP: 65/65 MP: 13/18
  5050 | D:5      | Reached skill level 5 in Evocations
  5153 | D:5      | Offered knowledge of Ignite Poison by Vehumet.
  5268 | D:5      | Learned a level 4 spell: Ignite Poison
  5669 | D:6      | Noticed Maggie
  5684 | D:6      | Killed Maggie
  5685 | D:6      | Reached skill level 5 in Invocations
  5761 | D:6      | Noticed Blork the orc
  5771 | D:6      | Reached skill level 6 in Evocations
  5773 | D:6      | Killed Blork the orc
  5875 | D:6      | Noticed Menkaure
  5885 | D:6      | Killed Menkaure
  6073 | D:6      | Reached **** piety under Vehumet
  6130 | D:6      | Reached skill level 5 in Fighting
  6130 | D:6      | Reached skill level 5 in Short Blades
  6130 | D:6      | Reached skill level 5 in Long Blades
  6130 | D:6      | Reached skill level 5 in Axes
  6130 | D:6      | Reached skill level 5 in Maces & Flails
  6130 | D:6      | Reached skill level 5 in Polearms
  6130 | D:6      | Reached skill level 5 in Staves
  6130 | D:6      | Reached skill level 5 in Ranged Weapons
  6130 | D:6      | Reached skill level 5 in Throwing
  6130 | D:6      | Reached skill level 5 in Armour
  6130 | D:6      | Reached skill level 5 in Shields
  6130 | D:6      | Reached skill level 5 in Unarmed Combat
  6223 | D:6      | Reached XP level 10. HP: 74/74 MP: 20/20
  6803 | D:7      | Offered knowledge of Hailstorm by Vehumet.
  6825 | D:7      | Noticed Maurice
  6840 | D:7      | Maurice stole an amulet of guardian spirit
  6846 | D:7      | Killed Maurice
  7071 | D:7      | Reached skill level 7 in Evocations
  7172 | D:8      | Noticed an orc sorcerer
  7193 | D:8      | Noticed a smoke demon
  7209 | D:8      | Reached skill level 5 in Shapeshifting
  7209 | D:8      | Killed an orc sorcerer
  7458 | D:8      | Learned a level 4 spell: Olgreb's Toxic Radiance
  7957 | D:8      | Found a staircase to the Lair.
  8215 | D:9      | Noticed Prince Ribbit
  8222 | D:9      | Killed Prince Ribbit
  8281 | D:9      | Reached skill level 5 in Conjurations
  8281 | D:9      | Reached skill level 5 in Hexes
  8281 | D:9      | Reached skill level 5 in Summonings
  8281 | D:9      | Reached skill level 5 in Necromancy
  8281 | D:9      | Reached skill level 5 in Translocations
  8281 | D:9      | Reached skill level 5 in Fire Magic
  8281 | D:9      | Reached skill level 5 in Air Magic
  8281 | D:9      | Reached skill level 5 in Earth Magic
  8281 | D:9      | Reached skill level 5 in Alchemy
  8308 | D:9      | Reached XP level 11. HP: 75/81 MP: 22/22
  8312 | D:9      | Reached skill level 8 in Evocations
  8461 | D:9      | Noticed Jeremiah
  8461 | D:9      | Noticed Harold
  8473 | D:9      | Killed Jeremiah
  8480 | D:9      | Killed Harold
  8660 | D:9      | Identified the +1 leather armour of the Beginning {rPois
                  | Str-5 Dex+7 Stlth+}
  8705 | D:9      | Found a snail-covered altar of Cheibriados.
  8759 | D:9      | Noticed Erolcha
  8770 | D:9      | Killed Erolcha
  8967 | D:9      | Noticed Psyche
  8975 | D:9      | Killed Psyche
  9120 | D:10     | Entered Level 10 of the Dungeon
  9145 | D:10     | Noticed Nergalle
  9156 | D:10     | Killed Nergalle
  9295 | D:10     | Found a flagged portal.
  9369 | Bailey   | Entered a bailey
  9472 | Bailey   | Reached ***** piety under Vehumet
  9478 | Bailey   | Reached skill level 9 in Evocations
  9497 | Bailey   | Offered knowledge of Fireball by Vehumet.
  9504 | Bailey   | Learned a level 5 spell: Fireball
  9677 | Bailey   | Noticed an orc knight
  9687 | Bailey   | Killed an orc knight
  9791 | Bailey   | Identified the amulet of Satudydgh {Regen+ Int+3 Dex+3}
  9815 | D:10     | Acquired the +2 pair of gloves of Otelamyxt {Regen+ Int+2}
  9858 | D:10     | Noticed a manticore
  9868 | D:10     | Killed a manticore
  9897 | D:10     | Found an opulent altar of Gozag.
 10091 | D:10     | Reached XP level 12. HP: 91/91 MP: 24/24
 10123 | D:10     | Found a hazy altar of Hepliaklqana.
 10423 | D:11     | Found Gateacerch's Weapon Shop.
 10497 | D:11     | Noticed Lodul
 10508 | D:11     | Reached skill level 10 in Evocations
 10510 | D:11     | Killed Lodul
 10566 | D:11     | Noticed a boulder beetle
 10600 | D:11     | Killed a boulder beetle
 10769 | D:11     | Noticed a boulder beetle
 10782 | D:11     | Killed a boulder beetle
 11234 | D:12     | Noticed a two-headed ogre
 11242 | D:12     | Killed a two-headed ogre
 11429 | D:12     | Found a staircase to the Orcish Mines.
 11511 | D:12     | Found Saset's Weapon Shoppe.
 11675 | D:12     | Found an iron altar of Okawaru.
 11776 | D:12     | Offered knowledge of Sticky Flame by Vehumet.
 11782 | D:12     | Learned a level 4 spell: Sticky Flame
 12703 | D:13     | Found a gate to the Vaults.
 12704 | D:13     | Noticed a frost giant
 12712 | D:13     | Killed a frost giant
 12713 | D:13     | Reached skill level 11 in Evocations
 12713 | D:13     | Reached XP level 13. HP: 56/98 MP: 4/26
 13294 | D:14     | Reached skill level 10 in Ice Magic
 13590 | D:14     | Noticed a rakshasa
 13601 | D:14     | Killed a rakshasa
 14317 | D:15     | Entered Level 15 of the Dungeon
 14351 | D:15     | Reached skill level 10 in Spellcasting
 14428 | D:15     | Noticed an ice dragon
 14429 | D:15     | Noticed an ice dragon
 14438 | D:15     | Killed an ice dragon
 14439 | D:15     | Killed an ice dragon
 14443 | D:15     | Found a staircase to the Depths.
 14676 | Lair:1   | Entered Level 1 of the Lair of Beasts
 14907 | Lair:2   | Found a staircase to the Swamp.
 14907 | Lair:2   | Noticed an eleionoma
 14918 | Lair:2   | Killed an eleionoma
 15046 | Lair:2   | Reached skill level 10 in Dodging
 15200 | Lair:2   | Reached skill level 12 in Evocations
 15464 | Lair:2   | Reached skill level 10 in Stealth
 15656 | Lair:4   | Found a viscous altar of Jiyva.
 15660 | Lair:5   | Entered Level 5 of the Lair of Beasts
 15669 | Lair:5   | Reached skill level 10 in Invocations
 15669 | Lair:5   | Reached XP level 14. HP: 108/108 MP: 28/28
 15712 | Lair:5   | Learned a level 5 spell: Arcjolt
 15741 | Lair:5   | Offered knowledge of Plasma Beam by Vehumet.
 15757 | Lair:5   | Learned a level 6 spell: Plasma Beam
 16032 | Lair:5   | Got an earthy gem with 2371 turns to spare
 16248 | Lair:5   | Noticed Rupert
 16266 | Lair:5   | Killed Rupert
 16267 | Lair:5   | Reached skill level 13 in Evocations
 16896 | Lair:4   | Found a staircase to the Slime Pits.
 17419 | Lair:3   | Found a hole to the Spider Nest.
 17502 | Lair:3   | Identified the +2 robe of Divine Intervention {Str+3}
 18221 | Lair:1   | Reached skill level 10 in Fighting
 18221 | Lair:1   | Reached skill level 10 in Short Blades
 18221 | Lair:1   | Reached skill level 10 in Long Blades
 18221 | Lair:1   | Reached skill level 10 in Axes
 18221 | Lair:1   | Reached skill level 10 in Maces & Flails
 18221 | Lair:1   | Reached skill level 10 in Polearms
 18221 | Lair:1   | Reached skill level 10 in Staves
 18221 | Lair:1   | Reached skill level 10 in Ranged Weapons
 18221 | Lair:1   | Reached skill level 10 in Throwing
 18221 | Lair:1   | Reached skill level 10 in Armour
 18221 | Lair:1   | Reached skill level 10 in Shields
 18221 | Lair:1   | Reached skill level 10 in Unarmed Combat
 18392 | Lair:1   | Lost the earthy gem through the power of Zot.
 18751 | Orc:1    | Entered Level 1 of the Orcish Mines
 18770 | Orc:1    | Reached XP level 15. HP: 94/115 MP: 5/30
 19093 | Orc:1    | Noticed an orc warlord
 19101 | Orc:1    | Offered knowledge of Conjure Ball Lightning by Vehumet.
 19102 | Orc:1    | Killed an orc warlord
 19285 | Orc:2    | Entered Level 2 of the Orcish Mines
 19413 | Orc:2    | Noticed an orc warlord
 19426 | Orc:2    | Killed an orc warlord
 19766 | Orc:2    | Found a staircase to the Elven Halls.
 19817 | Orc:2    | Reached skill level 14 in Evocations
 19982 | Orc:2    | Found Isian's Magic Scroll Emporium.
 19982 | Orc:2    | Found Poewkema's Book Boutique.
 19991 | Orc:2    | Found Qacveist's Book Boutique.
 19991 | Orc:2    | Found Hemer's Distillery.
 20000 | Orc:2    | Bought a potion of experience for 650 gold pieces
 20002 | Orc:2    | Bought a scroll of blinking for 105 gold pieces
 20002 | Orc:2    | Bought a scroll of blinking for 105 gold pieces
 20002 | Orc:2    | Bought a scroll of teleportation for 42 gold pieces
 20002 | Orc:2    | Bought a scroll of teleportation for 42 gold pieces
 20002 | Orc:2    | Bought a scroll of teleportation for 42 gold pieces
 20002 | Orc:2    | Bought a scroll of teleportation for 42 gold pieces
 20003 | Orc:2    | Reached XP level 16. HP: 124/124 MP: 31/31
 20009 | Orc:2    | Bought a Necronomicon for 756 gold pieces
 20009 | Orc:2    | Bought a book of Power for 588 gold pieces
 20009 | Orc:2    | Bought an Everburning Encyclopedia for 532 gold pieces
 20231 | Swamp:1  | Entered Level 1 of the Swamp
 20235 | Swamp:1  | Found a glacial archway.
 20253 | IceCv    | Entered an ice cave
 20281 | IceCv    | Reached ****** piety under Vehumet
 20570 | IceCv    | Slain by a caustic shrike simulacrum

Illustrated notes

Levels and vault maps discovered:
D:1:      sevenhm_arrival_forest_fort_large_1, layout_rooms
D:2:      layout_basic, basic_altar, corexii_leaking_fountain
D:3:      cheibrodos_pilgrimage, layout_loops_ring,
          nicolae_yredelemnul_ghost_church
D:4:      layout_cave_pools, gammafunk_ghost_gnarly_gnolls, uniq_ijyb,
          uniq_sigmund
D:5:      minmay_polygon_palace, layout_rooms, mainiacjoe_overflow_alcove_4,
          minmay_temple_entry_glass, eino_small_chamber_without_monster,
          kb_lookout_dungeons_type, nicolae_fountain_basement, uniq_edmund
D:6:      layout_gridville, uniq_blork_the_orc, uniq_maggie, uniq_menkaure
D:7:      layout_rooms, minmay_misc_feat_nine_boxes,
          hangedman_decor_peaks_small, hex_intersection, serial_bayou_pond_b,
          uniq_maurice
D:8:      cheibrodos_wizards_tower, layout_rooms, lair_entry_dummy,
          serial_bayou, serial_bayou_pond_c, serial_bayou_ford_a,
          serial_bayou_pond_d, serial_bayou_lagoon_a, grunt_decor_cap
D:9:      layout_roguey, cheibriados_altar_1, small_statue_intersection,
          uniq_jeremiah, uniq_psyche, uniq_harold, uniq_prince_ribbit1,
          uniq_erolcha
D:10:     layout_cave_pools, mainiacjoe_overflow_chevrons,
          nicolae_overflow_crystal_walls, enter_bailey_3, minmay_misc_feat_room,
          minivault_8, uniq_nergalle
D:11:     layout_basic, serial_shops, nicolae_shop_hallway_stairs, uniq_lodul
D:12:     layout_gridville, orc_0_dummy, serial_shops, nicolae_shop_peninsula,
          okawaru_metal_pillars_3
D:13:     layout_loops_ring, hellmonk_vaults_attempted_burglary
D:14:     layout_stronghold
D:15:     grunt_enter_depths_hoard, layout_layer_cave, uniq_jorgrun
Temple:   minmay_crystal_spiral_temple
Lair:1:   layout_small_grid, nicolae_lair_lindhole
Lair:2:   layout_regular_city, alex1729_swamp_entry_worm_eleionoma
Lair:3:   layout_regular_city, spider_nest_entry_webs
Lair:4:   layout_gridlike, nicolae_slime_entry_field_trip
Lair:5:   guppyfry_lair_end_dragon, layout_hall_layers, st_stairs_13,
          uniq_rupert
Swamp:1:  layout_falls_marsh, portal_ice_cave_entry_pillars_three,
          infiniplex_staircase_pool_2, swamp_pool_5, uniq_louise, uniq_donald
Orc:1:    layout_caves
Orc:2:    grunt_orc_tribal_feast, layout_caves
IceCv:    ice_cave_small_necro

Skill      XL: |  1  2  3  4  5  6  7  8  9 10 11 12 13 14 15 16 |
---------------+-------------------------------------------------+-----
Spellcasting   | 5 6 7 8 9 10 11 | 11.8
Invocations    | 1 2 3 4 5 6 7 8 10 11 | 11.7
Fighting       | 1 2 3 5 6 7 8 9 10 | 10.8
Short Blades   | 1 2 3 5 6 7 8 9 10 | 10.8
Long Blades    | 1 2 3 5 6 7 8 9 10 | 10.8
Axes           | 1 2 3 5 6 7 8 9 10 | 10.8
Maces & Flails | 1 2 3 5 6 7 8 9 10 | 10.8
Polearms       | 1 2 3 5 6 7 8 9 10 | 10.8
Staves         | 1 2 3 5 6 7 8 9 10 | 10.8
Ranged Weapons | 1 2 3 5 6 7 8 9 10 | 10.8
Throwing       | 1 2 3 5 6 7 8 9 10 | 10.8
Armour         | 1 2 3 5 6 7 8 9 10 | 10.8
Shields        | 1 2 3 5 6 7 8 9 10 | 10.8
Unarmed Combat | 1 2 3 5 6 7 8 9 10 | 10.8
Evocations     | 1 2 3 4 6 7 9 11 12 13 14 | 14.6
Shapeshifting  | 1 2 3 4 5 6 7 8 9 |  9.9
Conjurations   | 1 2 3 4 5 6 7 8 9 |  9.1
Hexes          | 1 2 3 4 5 6 7 8 9 |  9.1
Summonings     | 1 2 3 4 5 6 7 8 9 |  9.1
Necromancy     | 1 2 3 4 5 6 7 8 9 |  9.1
Translocations | 1 2 3 4 5 6 7 8 9 |  9.1
Fire Magic     | 1 2 3 4 5 6 7 8 9 |  9.1
Air Magic      | 1 2 3 4 5 6 7 8 9 |  9.1
Earth Magic    | 1 2 3 4 5 6 7 8 9 |  9.1
Alchemy        | 1 2 3 4 5 6 7 8 9 |  9.1
Dodging        | 5 6 7 8 9 10 11 | 11.7
Stealth        | 5 6 7 8 9 10 11 | 11.5
Ice Magic      | 8 9 10 11 | 11.5

Action                     |  1- 3 |  4- 6 |  7- 9 | 10-12 | 13-15 | 16-18 || total
---------------------------+-------+-------+-------+-------+-------+-------++-------
  Melee: Unarmed           |     3 |       |       |       |       |       ||     3
         Short sword       |    34 |   142 |    21 |       |       |       ||   197
         Bite              |     2 |    20 |    16 |    27 |    60 |     4 ||   129
         Punch             |     1 |     4 |     1 |       |       |       ||     6
         Dagger            |       |       |    26 |       |       |       ||    26
         Halberd           |       |       |   159 |   317 |   524 |    39 ||  1039
   Cast: Freeze            |    39 |     5 |       |       |       |       ||    44
         Frozen Ramparts   |       |    16 |    15 |    25 |    18 |       ||    74
         Ozocubu's Armour  |       |     4 |    11 |    17 |     7 |       ||    39
         Summon Ice Beast  |       |       |     2 |     1 |       |       ||     3
         Mercury Vapours   |       |       |     4 |     1 |       |       ||     5
         Olgreb's Toxic Ra |       |       |       |    27 |    37 |       ||    64
         Fireball          |       |       |       |     9 |    27 |    18 ||    54
         Ignite Poison     |       |       |       |     2 |     2 |       ||     4
         Sticky Flame      |       |       |       |     2 |     3 |       ||     5
         Arcjolt           |       |       |       |       |    21 |       ||    21
         Plasma Beam       |       |       |       |       |    27 |     1 ||    28
  Evoke: Wand              |       |       |     1 |     6 |       |       ||     7
         Phial of floods   |       |       |       |     1 |     1 |       ||     2
    Use: Potion            |       |     3 |     4 |     5 |     1 |       ||    13
         Scroll            |       |       |     3 |    13 |     9 |     1 ||    26
   Stab: Sleeping          |     7 |     6 |    12 |    19 |    13 |       ||    57
         Distracted        |       |       |       |     2 |     3 |       ||     5
         Paralysed         |       |       |       |     4 |       |       ||     4
 Armour: Robe              |    25 |    84 |    11 |       |       |       ||   120
         Leather armour    |       |       |   121 |   238 |   403 |     4 ||   766
         Skin              |       |       |       |       |       |    27 ||    27
  Dodge: Dodged            |    47 |    74 |   128 |   230 |   438 |    27 ||   944
